Map: Lerilak Crest

Players

IkuNagae - Winner!

  • Race: Zerg Zerg
  • League: Master

LilDicky

  • Race: Terran Terran
  • League: Diamond

VOD

http://www.twitch.tv/tumescentpie

Description

Time

  • Played on: Dec. 26, 2015, 10:37 p.m.
  • Length: 12:23
Show
View Real Time Build Order
Export as new Build Order

IkuNagae Zerg - Winner!

Build Orders: Hatch First 

Get SALT Encoding   

  12  0:01  Drone  
  13  0:09  Drone  
  14  0:18  Overlord  
  14  0:37  Drone x3  
  17  0:49  Drone  
  18  0:56  Hatchery  
  17  0:59  Drone  
  17  1:03  Extractor  
  17  1:13  Drone  
  18  1:19  Spawning Pool  
  18  1:21  Drone  
  18  1:32  Drone  
  19  1:50  Overlord  
  19  2:05  Metabolic Boost  
  19  2:07  Queen  
  21  2:09  Drone, Queen  
  21  2:11  Zergling x2  
  25  2:22  Drone x3  
  28  2:38  Drone  
  28  2:40  Drone  
  28  2:42  Hatchery  
  29  2:48  Queen  
  31  2:54  Zergling x2  
  31  2:58  Drone x2  
  34  3:01  Overlord  
  34  3:15  Zergling x2  
  34  3:17  Overlord  
  34  3:18  Drone  
  36  3:21  Lair  
  34  3:41  Queen  
  34  3:43  Roach Warren  
  34  3:45  Zergling x4  
  37  3:51  Drone  
  37  3:52  Drone x5  
  43  3:56  Extractor  
  42  4:10  Drone  
  42  4:11  Drone x5  
  42  4:13  Overlord  
  48  4:21  Drone x3  
  51  4:27  Queen  
  53  4:39  Glial Reconstitution  
  53  4:42  Extractor  
  53  4:43  Extractor  
  51  4:47  Evolution Chamber  
  51  4:50  Evolution Chamber  
  51  4:51  Drone  
  51  4:52  Drone x10  
  60  4:54  Drone  
  60  4:55  Drone  
  60  5:11  Roach  
  60  5:12  Roach x2  
  65  5:15  Roach  
  65  5:19  Overlord x3  
  48  5:36  Roach x5  
  48  5:37  Roach x3  
  60  5:44  Spore Crawler  
  60  5:46  Roach x2  
  60  5:47  Roach  
  59  5:58  Ravager x3  
  60  6:09  Queen  
  60  6:10  Spore Crawler, Queen  
  61  6:13  Spore Crawler  
  59  6:21  Drone x4  
  61  6:38  Drone  
  61  6:39  Drone x4  
  66  6:40  Drone  
  67  6:55  Queen  
  69  7:04  Zerg Missile Weapons Level 1, Zerg Ground Armor Level 1  
  69  7:05  Drone x5  
  74  7:11  Drone x3  
  78  7:22  Drone  
  78  7:23  Drone x4  
  78  7:24  Drone  
  78  7:25  Drone x3  
  78  7:27  Drone  
  64  7:54  Hydralisk Den  
  61  8:00  Queen  
  63  8:13  Overlord x4  
  63  8:20  Drone x5  
  63  8:21  Drone x2, Extractor  
  63  8:22  Extractor  
  68  8:32  Pneumatized Carapace, Infestation Pit  
  67  8:41  Drone x2  
  67  8:42  Drone  
  67  8:46  Muscular Augments  
  67  8:47  Hydralisk x6, Roach x3  
  67  8:48  Roach x4  
  96  9:00  Zerg Missile Weapons Level 2  
  96  9:11  Hatchery  
  96  9:15  Zerg Ground Armor Level 2  
  95  9:17  Overseer  
  95  9:18  Overseer  
  95  9:23  Hatchery  
  94  9:24  Extractor  
  94  9:25  Hive  
  94  9:27  Extractor  
  94  9:28  Spore Crawler  
  94  9:29  Zergling x2  
  92  9:53  Spire  
  91  10:03  Hydralisk x2  
  91  10:04  Hydralisk x4, Roach x4  
  91  10:05  Roach x2  
  91  10:06  Overlord x2  
  91  10:07  Overlord x4  
  113  10:31  Hydralisk x5, Roach x2  
  113  10:32  Roach x3  
  125  10:49  Hydralisk  
  115  10:50  Hydralisk x3, Roach x3  
  115  10:51  Roach x2  
  115  10:55  Queen  
  135  11:01  Drone  
  135  11:02  Drone x4  
  140  11:30  Drone x3  
  140  11:32  Drone x3  
  146  11:33  Drone x3  
  149  11:40  Hydralisk x2  
  149  11:41  Hydralisk x2, Roach x5  
Show
View Real Time Build Order
Export as new Build Order

LilDicky Terran 

Build Orders: Hellion Banshee, Mech 

Get SALT Encoding   

  12  0:01  SCV  
  13  0:14  SCV  
  14  0:17  Supply Depot  
  14  0:26  SCV  
  15  0:32  Refinery  
  15  0:38  SCV  
  16  0:45  Barracks  
  16  0:51  SCV  
  17  1:03  SCV  
  18  1:15  SCV  
  19  1:27  SCV  
  19  1:32  Reaper  
  21  1:40  Command Center  
  21  1:47  Orbital Command  
  21  1:59  Factory  
  21  2:10  Barracks Reactor  
  21  2:17  SCV  
  21  2:19  Supply Depot  
  23  2:30  SCV  
  23  2:34  Refinery  
  23  2:42  SCV  
  24  2:49  Starport  
  24  2:54  SCV  
  25  2:58  Orbital Command  
  25  3:04  Hellion x2  
  28  3:06  Barracks Tech Lab  
  28  3:10  SCV  
  28  3:25  Hellion  
  28  3:26  Hellion  
  29  3:47  SCV, Hellion x2  
  34  3:50  Banshee  
  37  3:57  Cloaking Field  
  37  4:06  Armory  
  37  4:07  SCV  
  37  4:09  SCV  
  41  4:18  Hellion x2  
  43  4:28  SCV  
  44  4:33  SCV  
  44  4:38  Banshee  
  45  4:40  SCV  
  45  4:42  Supply Depot  
  45  4:45  SCV  
  50  5:30  Hellion x2  
  50  5:31  Banshee  
  50  5:35  Command Center  
  55  5:38  SCV x2, Factory  
  55  5:39  Factory  
  55  5:40  Refinery  
  55  5:41  Refinery  
  42  6:16  Banshee  
  43  6:21  Factory Tech Lab  
  43  6:22  Factory Tech Lab  
  43  6:24  Hellion, Widow Mine  
  43  6:45  Widow Mine  
  45  6:50  SCV  
  47  6:54  SCV  
  47  6:55  Siege Tank  
  47  6:56  Siege Tank, Orbital Command  
  50  7:01  Marine  
  50  7:02  Command Center  
  50  7:03  SCV  
  50  7:06  SCV  
  53  7:15  SCV  
  54  7:22  Hellion x2  
  58  7:23  SCV  
  59  7:37  SCV  
  59  7:47  Liberator  
  56  7:56  SCV x2  
  56  7:57  Siege Tank x2  
  56  7:58  Hellion x2  
  72  8:07  Barracks Reactor  
  71  8:17  Engineering Bay  
  71  8:21  Orbital Command  
  71  8:23  SCV  
  71  8:24  Terran Vehicle And Ship Armor Level 1  
  72  8:27  Armory, Orbital Command  
  72  8:29  Thor  
  78  8:38  Siege Tank  
  78  8:39  Hellion x2  
  85  8:59  SCV x2  
  85  9:01  Missile Turret  
  87  9:06  Missile Turret  
  87  9:07  Missile Turret  
  87  9:10  Missile Turret x2  
  87  9:17  Supply Depot  
  87  9:21  Terran Vehicle Weapons Level 1  
  87  9:30  Hellion  
  87  9:31  Hellion  
  91  9:38  Thor  
  97  9:52  Hellion  
  98  9:53  Marine x2  
  96  10:10  SCV  
  96  10:11  SCV x3  
  96  10:12  Supply Depot  
  100  10:15  Supply Depot  
  100  10:16  Supply Depot x2  
  100  10:17  Thor, Marine  
  100  10:18  Supply Depot  
  107  10:23  SCV  
  108  10:33  SCV x2  
  95  10:44  Liberator  
  74  10:54  Hellion x2, Siege Tank  
  71  11:00  Siege Tank  
  77  11:04  SCV x2  
  77  11:05  SCV x2  
  77  11:08  Fusion Core  
  77  11:10  Command Center  
  81  11:16  SCV  
  81  11:17  SCV  
  81  11:18  Refinery  
  83  11:19  Refinery  
  83  11:23  Command Center  
  83  11:25  SCV x2  
  85  11:26  Thor  
  85  11:29  SCV  
  92  11:36  Siege Tank  
  92  11:37  Hellion x2, Sensor Tower  
  92  11:38  SCV  
  100  11:43  SCV x3  
Tags
 
Add a new tag
Caveats
  • Supply blocks, unpowered buildings, or Contaminate may cause inaccurate times.
  • Supply counts are checked every 10 seconds.